AoeStats
← xbuner2009

Nomad

510543817Analyzed
4v4 RM · 12h ago on Oct 1, 2026· 37m 56s· 8 players
Game mode
Random Map
Map size
231×231
Population
200
Speed
Normal
Resources
Standard
Victory
Conquest
Starting age
Dark Age
Ending age
Imperial Age
RankedLock teamsTeams togetherTeam positionsShared explorationLock speedFull tech treeHidden civsTurbo modeCheats
Victory
Defeat
🇹🇼 Varangians · Taiwan
1290
+13
🇹🇼 Mongols · Taiwan
1279
+14
🇹🇼 Magyars · Taiwan
1265
+14
🇨🇳 Persians · China
1154
+19
🇨🇳 Italians · China
1242
-16
🇭🇰 Chinese · Hong Kong SAR China
1241
-16
🇻🇪 Inca · Venezuela
1219
-15
🇪🇸 Huns · Spain
1186
-13
Yampi
3:22 Loom
12:42 Feudal Age
13:51 Double-Bit Axe
16:59 Gold Mining
19:59 Castle Age
18:44 Horse Collar
19:09 Fletching
22:18 Scale Mail Armor
30:44 Squires
34:02 Forging
38:18 Chain Mail Armor
El Boss
4:33 Loom
12:50 Feudal Age
13:35 Double-Bit Axe
15:29 Fishing Lines
16:12 Gold Mining
20:31 Stone Mining
22:24 Fletching
22:44 Forging
22:40 Scale Barding Armor
24:43 Castle Age
24:26 Wheelbarrow
23:37 Town Watch
26:25 Iron Casting
26:11 Chain Barding Armor
26:04 Bow Saw
26:05 Gillnets
30:15 Imperial Age
28:55 Gold Shaft Mining
30:00 Hand Cart
29:48 Town Patrol
29:35 Horse Collar
30:57 Heavy Plow
32:10 Two-Man Saw
32:25 Husbandry
32:36 Bloodlines
32:47 Conscription
32:28 Marauders
Noobieski
9:34 Loom
14:04 Feudal Age
15:40 Double-Bit Axe
19:50 Castle Age
21:49 Wheelbarrow
21:27 Bow Saw
22:09 Medium Warships
21:50 Pikeman
22:31 Squires
Steve
3:06 Loom
13:54 Feudal Age
14:47 Double-Bit Axe
16:47 Fletching
17:17 Gold Mining
18:02 Fishing Lines
22:32 Castle Age
23:28 Medium Warships
24:03 Wheelbarrow
23:40 Bow Saw
24:35 Stone Mining
25:15 Gillnets
26:24 Pikeman
26:57 Town Watch
28:17 Stone Shaft Mining
28:29 Hand Cart
29:45 Town Patrol
30:02 Bodkin Arrow
31:45 Ballistics
aireight
6:53 Loom
15:35 Feudal Age
17:25 Town Watch
19:56 Castle Age
18:36 Bloodlines
18:58 Scale Barding Armor
19:04 Forging
18:52 Double-Bit Axe
21:43 Wheelbarrow
21:41 Chain Barding Armor
24:28 Horse Collar
25:02 Bow Saw
30:50 Gold Mining
32:19 Scale Mail Armor
32:14 Stone Mining
37:08 Chain Mail Armor
A POPO
14:18 Feudal Age
20:02 Castle Age
18:22 Double-Bit Axe
18:19 Horse Collar
19:30 Scale Barding Armor
19:40 Loom
20:30 Wheelbarrow
20:26 Fletching
20:16 Light Cavalry
21:06 Bloodlines
23:39 Chain Barding Armor
25:20 Bow Saw
26:08 Hand Cart
27:27 Husbandry
37:00 Gold Mining
野生西红柿
3:39 Loom
15:30 Feudal Age
15:59 Fishing Lines
16:05 Town Watch
17:41 Double-Bit Axe
18:05 Fletching
18:16 Padded Archer Armor
18:57 Wheelbarrow
21:32 Forging
22:09 Horse Collar
27:52 Castle Age
26:28 Bloodlines
26:45 Scale Barding Armor
26:57 Gold Mining
26:57 Stone Mining
27:41 Light Cavalry
28:23 Husbandry
30:11 Heavy Plow
33:12 Gold Shaft Mining
33:24 Iron Casting
33:15 Bodkin Arrow
33:43 Chain Barding Armor
34:36 Hand Cart
34:53 Bodkin Arrow
37:09 Bow Saw
37:49 Stone Shaft Mining
37:17 Town Patrol
38:02 Leather Archer Armor
xbuner2009
13:10 Feudal Age
14:10 Loom
16:55 Castle Age
15:23 Double-Bit Axe
15:22 Fishing Lines
17:46 Bow Saw
19:00 Wheelbarrow
18:41 Gillnets
19:00 Gold Mining
19:02 Stone Mining
19:15 Horse Collar
20:48 Heavy Plow
25:14 Gold Shaft Mining
25:19 Stone Shaft Mining
31:48 Imperial Age
29:36 Nomads
29:53 Bloodlines
29:43 Husbandry
30:54 Ballistics
31:36 Thumb Ring
31:47 Fletching
31:58 Padded Archer Armor
32:08 Elite Mangudai
33:10 Conscription
33:28 Bodkin Arrow
34:40 Chemistry
34:53 Bracer
35:09 Leather Archer Armor
35:17 Leather Archer Armor
35:34 Parthian Tactics
37:00 Scale Barding Armor
37:06 Forging
36:18 Light Cavalry
38:06 Hand Cart
37:22 Hussar
Connection lost

Rejoining the realm…

Still unreachable

The connection could not be restored.

Session expired

The server has moved on; the page needs a fresh start.